 Dungeon Crawl Stone Soup version 0.30-a0-629-gd54f4be4f7 (webtiles) character file.

Game seed: 9979244372218200452

714 Mitcholas the Skirmisher (level 7, -11/41 HPs)
             Began as a Deep Elf Hunter on Jan 12, 2023.
             Mangled by an ogre
             ... wielding a +0 giant spiked club
              (25 damage)
             ... on level 5 of the Dungeon.
             The game lasted 00:10:08 (4340 turns).

Mitcholas the Skirmisher (Deep Elf Hunter)          Turns: 4340, Time: 00:10:09

Health: -11/41     AC:  3    Str:  8    XL:     7   Next: 41%
Magic:  0/9        EV: 14    Int: 14    God:
Gold:   263        SH:  0    Dex: 20    Spells: 6/6 levels left

rFire   . . .      SeeInvis .    a - +0 shortbow
rCold   . . .      Faith    .    (shield currently unavailable)
rNeg    . . .      Spirit   +    c - +0 leather armour
rPois   .          Reflect  .    (no helmet)
rElec   .          Harm     .    (no cloak)
rCorr   .          Rampage  .    (no gloves)
Will    +....                    (no boots)
Stlth   +++                      w - amulet of guardian spirit
HPRegen 0.26/turn                f - ring of willpower
MPRegen 0.11/turn                (no ring)

@: no status effects
A: no striking features
a: no special abilities


You were on level 5 of the Dungeon.
You visited 1 branch of the dungeon, and saw 6 of its levels.
You also visited: Sewer.

You collected 263 gold pieces.

Inventory:

Hand Weapons
 a - a +0 shortbow (weapon)
Missiles
 C - 3 curare-tipped darts
Armour
 c - a +0 leather armour (worn)
Jewellery
 f - a ring of willpower (left hand)
 n - an amulet of faith
 w - an amulet of guardian spirit (around neck)
 y - a ring of see invisible
Wands
 B - a wand of flame (6)
 D - a wand of digging (2)
Scrolls
 b - a scroll of immolation
 d - a scroll of fear {unknown}
 g - 5 scrolls of identify {unknown}
 h - a scroll of noise {unknown}
 k - a scroll of torment {unknown}
 l - a scroll of blinking {unknown}
 m - 2 scrolls of enchant weapon {unknown}
 q - 2 scrolls of teleportation {unknown}
 t - a scroll of brand weapon {unknown}
 v - 2 scrolls of enchant armour {unknown}
Potions
 e - a potion of attraction
 i - a potion of mutation {unknown}
 j - a potion of flight {unknown}
 o - 2 potions of invisibility {unknown}
 p - a potion of brilliance {unknown}
 r - a potion of might {unknown}
 s - a potion of resistance {unknown}
 u - 2 potions of heal wounds
 x - a potion of curing {unknown}
 z - a potion of ambrosia {unknown}


   Skills:
 + Level 3.1 Fighting
 * Level 8.3 Ranged Weapons
 + Level 2.5 Armour
 + Level 4.5 Dodging
 - Level 4.0 Stealth


You had 6 spell levels left.
You didn't know any spells.
Your spell library was empty.

Dungeon Overview and Level Annotations

Branches:
Dungeon (6/15)              Sewer (visited)
 Temple: D:4-7

Altars:
Hepliaklqana
Xom


Message History

You shoot an arrow. The arrow hits the ogre!
The ogre is heavily wounded.
The ogre closely misses you.
The iguana hisses menacingly.
There is a stone staircase leading up here.
The ogre hits you with a +0 giant spiked club!!
Ouch! That really hurt!
You climb upwards.
There is a stone staircase leading down here.
Throw: 3 darts (atropa)
Press: ? - help, Q - select action, (/) - cycle Shift-Dir - straight line, f - ogre
Aim: an ogre, wielding a +0 giant spiked club (heavily wounded, 77% to hit, chance to blind on hit: 51%)
You throw an atropa-tipped dart. The atropa-tipped dart hits the ogre.
The ogre resists.
The ogre is heavily wounded.
Throw: 2 darts (atropa)
Press: ? - help, Q - select action, (/) - cycle Shift-Dir - straight line, f/p - ogre
Aim: an ogre, wielding a +0 giant spiked club (heavily wounded, 77% to hit, chance to blind on hit: 51%)
You throw an atropa-tipped dart. The atropa-tipped dart hits the ogre.
The ogre resists.
The ogre is heavily wounded.
The ogre hits you with a +0 giant spiked club.
Throw: dart (atropa)
Press: ? - help, Q - select action, (/) - cycle Shift-Dir - straight line, f/p - ogre
Aim: an ogre, wielding a +0 giant spiked club (heavily wounded, 77% to hit, chance to blind on hit: 51%)
You throw an atropa-tipped dart.
The atropa-tipped dart barely misses the ogre.
The ogre hits you with a +0 giant spiked club.
Fire: a) +0 shortbow
Press: ? - help, Q - select action, (/) - cycle Shift-Dir - straight line, f/p - ogre
Aim: an ogre, wielding a +0 giant spiked club (heavily wounded, 79% to hit)
You shoot an arrow. The arrow hits the ogre!
The ogre is almost dead.
Fire: a) +0 shortbow
Press: ? - help, Q - select action, (/) - cycle Shift-Dir - straight line, f/p - ogre
Aim: an ogre, wielding a +0 giant spiked club (almost dead, 79% to hit)
You shoot an arrow. The arrow barely misses the ogre.
The ogre hits you with a +0 giant spiked club!!
Ouch! That really hurt!
You die...

#......[.# #.#
#.######## #<#
#[######### ###
#.##......#
###.##.####.###
#....#.#......#
#.#.......#.#.#
######.#....#..#.#.#
.........(.....O@#.#
####....[......#.#.#
.....#.###.........#
###..#...........###
###..####.######.###
..#..####.#........#
.##......[#.####.#.#
........#.#.# #.#.#
........+.#(# #.#.#


You could see an ogre.

Vanquished Creatures
  2 black bears (D:5)
  An ogre (D:2)
  A phantom (D:5)
  2 kobold brigands (Sewer)
  An iguana (D:5)
  4 adders
  3 gnolls (D:5)
  2 river rats (D:3)
  A shadow imp (D:5)
  A white imp (D:5)
  An ufetubus (D:4)
  2 worms
  3 dart slugs
  5 orcs
  9 ball pythons
  5 endoplasms
  7 giant cockroaches
  7 goblins
  7 hobgoblins
  4 quokkas
  5 bats
  2 frilled lizards
  17 kobolds
  8 rats
100 creatures vanquished.

Vanquished Creatures (others)
  A fungus (Sewer)
  3 plants
4 creatures vanquished.

Grand Total: 104 creatures vanquished

Notes
Turn   | Place    | Note
-------+----------+-------------------------------------------
     0 | D:1      | Mitcholas the Deep Elf Hunter began the quest for the Orb.
     0 | D:1      | Reached XP level 1. HP: 12/12 MP: 3/3
   121 | D:1      | Reached XP level 2. HP: 17/17 MP: 4/4
   871 | D:2      | Reached XP level 3. HP: 21/21 MP: 5/5
   884 | D:2      | Noticed an ogre
   892 | D:2      | Killed an ogre
   893 | D:2      | Reached skill level 6 in Ranged Weapons
   893 | D:2      | Reached skill level 1 in Armour
   893 | D:2      | Reached XP level 4. HP: 26/26 MP: 6/6
  1474 | D:3      | Reached XP level 5. HP: 30/30 MP: 7/7
  1652 | D:3      | Found a glowing drain.
  1712 | Sewer    | Entered a sewer
  1908 | Sewer    | Reached skill level 7 in Ranged Weapons
  2051 | Sewer    | Reached XP level 6. HP: 36/36 MP: 8/8
  2235 | D:3      | Found a hazy altar of Hepliaklqana.
  2843 | D:4      | Found a shimmering altar of Xom.
  3378 | D:5      | Entered Level 5 of the Dungeon
  3567 | D:5      | Reached XP level 7. HP: 40/40 MP: 7/9
  3763 | D:5      | Identified the +5 hand axe of Sedioh {spect, rElec Int+3
                  | Dex-4 SInv}
  3790 | D:5      | Reached skill level 8 in Ranged Weapons
  4340 | D:5      | Mangled by an ogre

Illustrated notes

Levels and vault maps discovered:
D:1:      lemuel_arrival_cross, layout_basic, serial_bayou, serial_bayou_lake_a,
          serial_bayou_shore_a, serial_bayou_pond_e, serial_bayou_pond_e,
          serial_bayou_crossing
D:2:      layout_loops_ring, amcnicky_mini_pool_small
D:3:      wander_river, layout_loops_cross, mainiacjoe_overflow_surrounded_room,
          portal_sewer_entry_c, chequers_serial_rivers_marsh,
          grunt_decor_fettered
D:4:      layout_loops_ring, tgw_xom
D:5:      layout_basic
D:6:      layout_loops_ring, minivault_25

Skill      XL: |  1  2  3  4  5  6  7 |
---------------+----------------------+-----
Fighting       | 2 3 |  3.1
Ranged Weapons | 6 7 8 |  8.3
Armour         | 1 2 |  2.5
Dodging        | 3 4 |  4.5
Stealth        | 2 3 4 |  4.0

Action                   |  1- 3 |  4- 6 |  7- 9 || total
-------------------------+-------+-------+-------++-------
 Fire: Shortbow          |    59 |   201 |    61 ||   321
Throw: Dart              |       |     1 |     4 ||     5
  Use: Potion            |       |     3 |       ||     3
Armor: Leather armour    |     3 |    28 |     3 ||    34
Dodge: Dodged            |     8 |   120 |    19 ||   147

Table legend: (Time is in decaauts)
 A = Elapsed time spent in this place.
 B = Non-inter-level travel time spent in this place.
 C = Inter-level travel time spent in this place.
 D = Time resting spent in this place.
 E = Time spent auto-exploring this place.
 F = Levels seen in this place.
 G = Mean time per level.
                   A        B        C        D        E       F      G
               +--------+--------+--------+--------+--------+-----+--------+
         Total |   4529 |   4130 |    399 |    155 |   3250 |   7 |  647.0 |
       Dungeon |   3991 |   3592 |    399 |     73 |   2971 |   6 |  665.2 |
         Sewer |    537 |    537 |      0 |     82 |    279 |   1 |  537.0 |
               +--------+--------+--------+--------+--------+-----+--------+

Top non-repeatable levels by time:
     D:5: 940 daAuts
     D:3: 804 daAuts
     D:1: 778 daAuts
     D:4: 752 daAuts
     D:2: 686 daAuts
   Sewer: 537 daAuts
     D:6: 29 daAuts
